 Seeded DCSS version 0.30.1-6-gbe392663c4 (webtiles) character file.

Game seed: 13629101546802201404 (custom seed)

14046 Psyclone the Thaumaturge (level 12, -3/82 HPs)
             Began as an Octopode Venom Mage on Sept 21, 2023.
             Was an Initiate of Gozag.
             Killed from afar by a manticore (15 damage)
             ... with a volley of spikes
             ... on level 11 of the Dungeon.
             The game lasted 00:40:45 (15896 turns).

Psyclone the Thaumaturge (Octopode Venom Mage)     Turns: 15896, Time: 00:40:45

Health: -3/82      AC:  5    Str:  7    XL:     12   Next: 12%
Magic:  24/27      EV: 23    Int: 28    God:    Gozag
Gold:   1097       SH:  0    Dex: 19    Spells: 22/34 levels left

rFire   . . .        b - +7 dagger
rCold   + . .        (no shield)
rNeg    + . .        (helmet restricted)
rPois   .            (no amulet)
rElec   .            y - +6 ring of dexterity
rCorr   +            m - +4 ring of protection
SInv    +            z - +6 ring of intelligence
Will    .....        A - ring of protection from cold
Stlth   ++           e - ring of the Scarab {rCorr Slay+2 SInv Stlth-}
HPRegen 0.33/turn    G - ring of Keggijoq {rN+ rCorr}
MPRegen 0.20/turn    J - +5 ring of evasion
                     (no ring)

%: no passive effects
@: spiked, gold aura
A: almost no armour, amphibious, 8 rings, camouflage 1, gelatinous body 1,
(nimble swimmer 1), tentacles
a: Renounce Religion, Potion Petition, Call Merchant, Bribe Branch


You were on level 11 of the Dungeon.
You worshipped Gozag.
Gozag was most pleased with you.
You visited 2 branches of the dungeon, and saw 12 of its levels.
You also visited: Sewer and Bailey.

You collected 1306 gold pieces.
You spent 69 gold pieces at shops.
You paid 140 gold pieces to Gozag.

Inventory:

Hand Weapons
 b - a +7 dagger (weapon)
 F - the +6 bardiche of Disarray {drain, rElec rF++ Int+3}
   (You took it off an orc knight in a bailey)

   Int:       It affects your intelligence (+3).
   rF:        It greatly protects you from fire.
   rElec:     It insulates you from electricity.
Magical Staves
 a - a staff of poison
Jewellery
 e - the ring of the Scarab (on tentacle) {rCorr Slay+2 SInv Stlth-}
   (You acquired it on level 6 of the Dungeon)

   [ring of see invisible]

   Slay:      It affects your accuracy & damage with ranged weapons and melee
   (+2).
   SInv:      It lets you see invisible.
   rCorr:     It protects you from acid and corrosion.
   Stlth:     It makes you less stealthy.
 i - a ring of ice
 m - a +4 ring of protection (right tentacle)
 y - a +6 ring of dexterity (left tentacle)
 z - a +6 ring of intelligence (on tentacle)
 A - a ring of protection from cold (on tentacle)
 G - the ring of Keggijoq (on tentacle) {rN+ rCorr}
   (You acquired it on level 8 of the Dungeon)

   [ring of resist corrosion]

   rN:        It protects you from negative energy.
   rCorr:     It protects you from acid and corrosion.
 J - a +5 ring of evasion (on tentacle)
 M - an amulet of guardian spirit
Wands
 s - a wand of iceblast (9)
 D - a wand of quicksilver (3)
 N - a wand of polymorph (4)
Scrolls
 d - 3 scrolls of fog {unknown}
 h - a scroll of noise {unknown}
 j - 7 scrolls of identify {@r1}
 k - 10 scrolls of teleportation
 n - a scroll of fear {unknown}
 q - 4 scrolls of vulnerability {unknown}
 t - 2 scrolls of enchant armour {unknown}
 v - 3 scrolls of blinking {unknown}
 x - 6 scrolls of poison {unknown}
 B - 2 scrolls of summoning {unknown}
 H - a scroll of magic mapping
 I - a scroll of torment {unknown}
 K - a scroll of amnesia
 L - a scroll of immolation
Potions
 c - a potion of magic
 f - 4 potions of haste {unknown}
 g - 4 potions of mutation {unknown}
 l - 2 potions of invisibility {unknown}
 o - 3 potions of degeneration {unknown}
 p - 3 potions of heal wounds
 r - 3 potions of berserk rage {unknown}
 u - 4 potions of flight {unknown}
 w - 5 potions of curing {unknown}
 C - a potion of might {unknown}
 E - 2 potions of lignification {unknown}


   Skills:
 - Level 8.0 Fighting
 - Level 8.0 Dodging
 - Level 2.6 Stealth
 + Level 11.6 Spellcasting
 - Level 8.0 Transmutations
 - Level 8.0 Poison Magic


You had 22 spell levels left.
You knew the following spells:

 Your Spells              Type           Power      Damage    Failure   Level
a - Poisonous Vapours     Pois/Air       76%        N/A       1%          2
b - Irradiate             Conj/Tmut      19%        3d18      19%         5
v - Sting                 Tmut/Pois      100%       1d8       1%          1
x - Olgreb's Toxic Radia  Pois           57%        N/A       1%          4

Your spell library contained the following spells:

 Spells                   Type           Power      Damage    Failure   Level
 Kiss of Death            Conj/Necr      64%        2d10      3%          1
 Necrotise                Necr           64%        1d7       3%          1
 Mephitic Cloud           Conj/Pois/Air  31%        N/A       3%          3
 Static Discharge         Conj/Air       32%        2-4/arc   4%          2
 Confusing Touch          Hex            16%        N/A       10%         3
 Vampiric Draining        Necr           16%        2d7       10%         3
 Dispel Undead            Necr           16%        3d10      32%         4
 Fulminant Prism          Conj/Hex       8%         3d7       32%         4
 Agony                    Necr           16%        N/A       67%         5


Dungeon Overview and Level Annotations

Branches:
Dungeon (11/15) Zot: 25725  Temple (1/1) D:4 Zot: 5998    Lair (0/5) D:8
    Orc (0/2) D:11          Sewer (visited)          Bailey (visited)

Altars:
Cheibriados
Elyvilon
Fedhas
Gozag
Kikubaaqudgha
Nemelex Xobeh
Qazlal
Sif Muna
Uskayaw
Vehumet
Wu Jian

Shops:
D:2 =   D:3 *

Portals:
Trove: D:10 (give 2 scrolls of acquirement)


Innate Abilities, Weirdness & Mutations

You cannot wear most types of armour.
You are amphibious.
You can wear up to eight rings at the same time.
Your skin changes colour to match your surroundings (Stealth+).
Your rubbery body absorbs attacks. (AC +1, EV +1)
((You are camouflaged when in or above water. (Stealth+)))
You have tentacles for arms and can constrict up to eight enemies at once.


Message History

The vampire flickers and vanishes for a moment.
You now have 23/27 mp.
You completely miss the vampire.
The vampire is moderately damaged.
You constrict the vampire, but do no damage.
The vampire closely misses you. The vampire completely misses you.
You completely miss the vampire. You squeeze the vampire.
The vampire is heavily damaged.
You constrict the vampire, but do no damage.
The vampire hits you.
* * * LOW HITPOINT WARNING * * *
The vampire bites you!
* * * LOW HITPOINT WARNING * * *
The vampire draws strength from your injuries!
You take 13 damage, and have 11/82 hp.
You feel much better.
The manticore looks even sicker.
Your toxic aura wanes.
You constrict the vampire.
The manticore flicks its tail.
The volley of spikes hits the vampire.
The vampire hits you!
* * * LOW HITPOINT WARNING * * *
The vampire barely misses you.
You regained 7 hp, and now have 18/82 hp.
You hit the vampire but do no damage.
The vampire is heavily damaged.
You constrict the vampire, but do no damage.
The manticore flicks its tail.
The volley of spikes hits the vampire!
The vampire draws life force from you!
* * * LOW HITPOINT WARNING * * *
The vampire is healed by the life force!
You take 6 damage, and have 12/82 hp.
You barely miss the vampire. You squeeze the vampire.
The vampire is almost destroyed.
You constrict the vampire.
You destroy the vampire!
The manticore flicks its tail.
The volley of spikes hits you!
The barbed spikes become lodged in your body.
You die...
Your body crumbles into a pile of gold.

..... #.....#....#
... ###+###....#
#........#
#..#######
#########'##....
.............##
###..###..........
.....###..##......
...H..$@..........
##################


You could see a manticore (very poisoned).

Vanquished Creatures
  2 two-headed ogres (D:11)
  A boulder beetle (D:9)
  Nergalle (D:11)
  Amaemon (D:11)
  3 orc knights (Bailey)
  2 cyclopes
  Maurice (D:9)
  An orange demon (D:11)
  A kobold demonologist (D:10)
  Grinder (D:6)
  Sigmund (D:6)
  A wraith (D:10)
  A vampire (D:11)
  2 shadows
  3 wyverns
  5 yaks (D:11)
  A basilisk (D:10)
  Eustachio (D:4)
  A steam dragon (D:8)
  Edmund (D:6)
  2 acid dragons
  A water moccasin (D:9)
  2 ice beasts
  A black bear (D:5)
  13 orc warriors
  A sky beast (D:8)
  3 ogres (D:5)
  5 centaurs
  2 phantoms
  5 kobold brigands
  A bullfrog (D:9)
  A scorpion (D:7)
  9 wights
  20 killer bees
  A vampire bat (D:9)
  5 howler monkeys
  2 electric eels (D:8)
  2 gnoll boudas (D:9)
  5 orc priests
  2 jellies
  2 hounds (D:5)
  A sleepcap (D:7)
  An iguana (D:6)
  Ijyb (D:3)
  Natasha (thrice) (D:3)
  9 orc wizards
  Terence (D:3)
  10 gnolls
  6 adders
  5 river rats (Sewer)
  2 ufetubi (D:5)
  2 worms (D:3)
  5 dart slugs
  41 orcs
  7 endoplasms
  4 giant cockroaches
  10 goblins
  9 hobgoblins
  9 jackals
  4 quokkas
  7 ball pythons
  17 bats
  8 frilled lizards
  13 kobolds
  9 rats
300 creatures vanquished.

Notes
Turn   | Place    | Note
-------+----------+-------------------------------------------
     0 | D:1      | Psyclone the Octopode Venom Mage began the quest for the
                  | Orb.
     0 | D:1      | Reached XP level 1. HP: 11/11 MP: 3/3
   252 | D:1      | Reached XP level 2. HP: 16/17 MP: 0/5
   259 | D:1      | Learned a level 2 spell: Poisonous Vapours
   706 | D:1      | Reached XP level 3. HP: 21/21 MP: 1/6
   806 | D:1      | Reached skill level 5 in Poison Magic
  1312 | D:2      | Found Warhoume's One-of-a-Kind Rings.
  1789 | D:2      | Reached XP level 4. HP: 27/27 MP: 2/7
  2442 | D:3      | Noticed Terence
  2454 | D:3      | Killed Terence
  3012 | D:3      | Found a transporter.
  3016 | D:3      | Found Zurixzuc's Assorted Antiques.
  3018 | D:3      | Found a transporter.
  3023 | D:3      | Bought a scroll labelled NANUIN TOWNEDGH for 23 gold pieces
  3023 | D:3      | Bought a scroll labelled VUNUCRORCHIT for 23 gold pieces
  3023 | D:3      | Bought a scroll labelled NANUIN TOWNEDGH for 23 gold pieces
  3033 | D:3      | Found an ancient bone altar of Kikubaaqudgha.
  3034 | D:3      | Found a blossoming altar of Fedhas.
  3135 | D:3      | Reached XP level 5. HP: 31/31 MP: 4/8
  3521 | D:3      | Noticed Ijyb
  3530 | D:3      | Killed Ijyb
  3610 | D:3      | Noticed Natasha
  3620 | D:3      | Killed Natasha
  3979 | D:3      | Noticed Natasha
  3987 | D:3      | Killed Natasha
  3988 | D:3      | Reached XP level 6. HP: 27/36 MP: 0/9
  4324 | D:3      | Noticed Natasha
  4330 | D:3      | Killed Natasha
  4495 | D:4      | Noticed Eustachio
  4518 | D:4      | Killed Eustachio
  4519 | D:4      | Reached skill level 3 in Spellcasting
  4578 | D:4      | Found a staircase to the Ecumenical Temple.
  4583 | Temple   | Entered the Ecumenical Temple
  4651 | D:4      | Found a glowing drain.
  4656 | Sewer    | Entered a sewer
  4965 | Sewer    | Reached XP level 7. HP: 38/41 MP: 7/12
  5021 | Sewer    | Reached skill level 4 in Spellcasting
  5558 | Sewer    | Reached skill level 5 in Spellcasting
  5727 | D:4      | Found a sparkling altar of Nemelex Xobeh.
  6628 | D:5      | Entered Level 5 of the Dungeon
  6694 | D:5      | Reached skill level 6 in Spellcasting
  6815 | D:5      | Learned a level 4 spell: Olgreb's Toxic Radiance
  6843 | D:5      | Reached XP level 8. HP: 46/46 MP: 11/17
  7282 | D:5      | Reached skill level 7 in Spellcasting
  7731 | D:5      | Reached skill level 8 in Spellcasting
  8259 | D:6      | Noticed Edmund
  8277 | D:6      | Killed Edmund
  8278 | D:6      | Reached skill level 1 in Fighting
  8310 | D:6      | Identified 3 scrolls of acquirement
  8310 | D:6      | Acquired a staff of poison
  8313 | D:6      | Acquired Psyclone's Secrets of Hurtful Spellbinding
  8323 | D:6      | Learned a level 5 spell: Irradiate
  8349 | D:6      | Noticed Grinder
  8362 | D:6      | Killed Grinder
  8363 | D:6      | Reached XP level 9. HP: 33/55 MP: 21/21
  8474 | D:6      | Noticed Sigmund
  8504 | D:6      | Killed Sigmund
  8975 | D:6      | Acquired the ring of the Scarab {rCorr Slay+2 SInv Stlth-}
  9578 | D:7      | Found a white marble altar of Elyvilon.
  9587 | D:7      | Identified the ring of Spring {*Slow rF++ rN+ Int+6 Dex+3}
  9810 | D:7      | Reached skill level 5 in Transmutations
 10184 | D:7      | Found a hide-covered altar of Uskayaw.
 10185 | D:7      | Found a stormy altar of Qazlal.
 10187 | D:7      | Found a radiant altar of Vehumet.
 10266 | D:8      | Found a staircase to the Lair.
 10315 | D:8      | Found a flagged portal.
 10429 | Bailey   | Entered a bailey
 10446 | Bailey   | Reached skill level 5 in Dodging
 10572 | Bailey   | Reached XP level 10. HP: 52/65 MP: 18/22
 11012 | Bailey   | Reached skill level 5 in Fighting
 11057 | Bailey   | Noticed an orc knight
 11057 | Bailey   | Noticed an orc knight
 11057 | Bailey   | Noticed an orc knight
 11060 | Bailey   | Identified the +6 bardiche of Disarray {drain, rElec rF++
                  | Int+3}
 11092 | Bailey   | Killed an orc knight
 11201 | Bailey   | Killed an orc knight
 11272 | Bailey   | Killed an orc knight
 11317 | Bailey   | Identified the +11 arbalest of the Scuffed God {freeze,
                  | Fragile Will+++ rCorr Dex-5}
 11435 | D:8      | Acquired the ring of Keggijoq {rN+ rCorr}
 11863 | D:8      | Found a snail-covered altar of Cheibriados.
 11872 | D:8      | Found an opulent altar of Gozag.
 11883 | D:8      | Noticed a cyclops
 11888 | D:8      | Became a worshipper of Gozag Ym Sagoz the Greedy
 11919 | D:8      | Killed a cyclops
 12079 | D:8      | Found a shimmering blue altar of Sif Muna.
 12289 | D:9      | Noticed a boulder beetle
 12298 | D:9      | Killed a boulder beetle
 12299 | D:9      | Reached XP level 11. HP: 31/75 MP: 18/23
 13032 | D:9      | Identified the +6 whip of Terra Nullius {speed, *Corrode
                  | Fly rN+ Dex+2}
 13194 | D:9      | Noticed Maurice
 13201 | D:9      | Killed Maurice
 13510 | D:10     | Entered Level 10 of the Dungeon
 13766 | D:10     | Reached skill level 9 in Spellcasting
 13986 | D:10     | Found an ornate altar of the Wu Jian Council.
 14243 | D:10     | Found a portal to a secret trove of treasure.
 14750 | D:11     | Reached skill level 10 in Spellcasting
 14802 | D:11     | Noticed Amaemon
 14854 | D:11     | Killed Amaemon
 15074 | D:11     | Noticed a cyclops
 15090 | D:11     | Killed a cyclops
 15190 | D:11     | Noticed a two-headed ogre
 15227 | D:11     | Killed a two-headed ogre
 15228 | D:11     | Reached skill level 11 in Spellcasting
 15427 | D:11     | Reached XP level 12. HP: 72/82 MP: 27/27
 15470 | D:11     | Noticed Nergalle
 15481 | D:11     | Killed Nergalle
 15666 | D:11     | Found a staircase to the Orcish Mines.
 15695 | D:11     | Noticed a two-headed ogre
 15711 | D:11     | Killed a two-headed ogre
 15896 | D:11     | Killed from afar by a manticore

Illustrated notes

Levels and vault maps discovered:
D:1:      giann_horns, layout_loops_ring, minmay_lizard_pond
D:2:      layout_loops_corners, serial_rivers, chequers_serial_rivers_micro_e,
          chequers_serial_rivers_large_a, chequers_serial_rivers_small_3,
          chequers_serial_rivers_micro_d, nicolae_shop_unique_rings,
          guppyfry_early_orc_mine
D:3:      layout_basic, grunt_temple_overflow_growth_and_decay, serial_shops,
          nicolae_shop_drivethru, serial_bayou_pond_e, chequers_jeans,
          uniq_natasha, uniq_ijyb, uniq_terence
D:4:      layout_loops_corners, nemelex_diamond_rough_becter, temple_doors_ab,
          portal_sewer_entry_e, minmay_misc_feat_iff, uniq_eustachio
D:5:      layout_basic
D:6:      layout_gridville, kennysheep_big_empty_room, kennysheep_flooded_box,
          grunt_ministairs_3, uniq_sigmund, uniq_grinder, uniq_edmund
D:7:      layout_basic, lemuel_tele_altar, minitemple
D:8:      wad_lake_hut, layout_loops_ring, mainiacjoe_overflow_catwalk_spiral,
          lemuel_doored_altar, lair_entry_dummy, enter_bailey_2,
          minmay_misc_feat_diagonals, grunt_ministairs_5,
          kennysheep_generic_room_12
D:9:      layout_loops_ring, roderic_batcave, uniq_maurice
D:10:     layout_loops_corners, pdpol_wu_jian_five_deadly_venoms,
          trove_entry_hex_spiral
D:11:     layout_stronghold, orc_0_dummy, uniq_amaemon, uniq_nergalle
Temple:   grunt_temple_mini_profane

Skill      XL: |  1  2  3  4  5  6  7  8  9 10 11 |
---------------+----------------------------------+-----
Poison Magic   | 4 5 6 7 8 |  8.0
Spellcasting   | 3 6 8 11 | 11.6
Fighting       | 2 4 7 8 |  8.0
Dodging        | 3 5 7 8 |  8.0
Transmutations | 2 6 8 |  8.0
Stealth        | |  2.6

Action                     |  1- 3 |  4- 6 |  7- 9 | 10-12 || total
---------------------------+-------+-------+-------+-------++-------
  Melee: Dagger            |    68 |   100 |   150 |   216 ||   534
         Tentacles         |    18 |    25 |    50 |    88 ||   181
         Constrict         |    17 |    30 |    32 |    31 ||   110
         Punch             |     2 |     1 |     5 |     4 ||    12
         Staff             |       |       |    12 |       ||    12
   Cast: Sting             |    16 |     1 |     8 |     1 ||    26
         Poisonous Vapours |    28 |    66 |    83 |    84 ||   261
         Olgreb's Toxic Ra |       |       |    12 |    27 ||    39
  Evoke: Wand              |       |       |     1 |       ||     1
    Use: Potion            |       |     1 |       |     3 ||     4
         Scroll            |       |       |     4 |     8 ||    12
   Stab: Sleeping          |     1 |     2 |     4 |     3 ||    10
 Armour: Skin              |     5 |    25 |    27 |    17 ||    74
  Dodge: Dodged            |    37 |    65 |   105 |   239 ||   446
